Cogmind - Beta 13 X1 @@@ ROGUE MODE // 2023.07.17 @ 22:26:21 Player: tourn Result: Destroyed by Y-45 Defender with Heavy Assault Rifle Performance ------------- Evolutions (0) 0 Regions Visited (3) 600 Robots Destroyed (30) 150 Value Destroyed (787) 787 Prototype IDs (10) 200 Alien Tech Used (0) 0 Bonus (22) 22 TOTAL SCORE: 1759 Bonus ------- High Alert Combat Kills 22 Cogmind --------- Core Integrity 0/250 Matter 268/300 Energy 257/265 System Corruption 0% Temperature Cool (9) Movement Treading (160) Location -8/Recycling Parts ------- > --- POWER (1) -------- Reinforced Ion Engine > --- PROPULSION (2) --- Light Treads Spiked Treads > --- UTILITY (2) ------ Scrap Engine > --- WEAPON (2) ------- Subdweller Beam Cannon Heavy Assault Rifle > --- INVENTORY (5) ---- Flightbrick Medium Storage Unit Peak State ------------ > --- POWER ------------ Reinforced Ion Engine > --- PROPULSION ------- Light Treads Spiked Treads > --- UTILITY ---------- Scrap Engine > --- WEAPON ----------- Subdweller Beam Cannon Subdweller Machine Gun > --- INVENTORY -------- Flightbrick Mace [Rating: 28] Favorites ----------- Power Reinforced Ion Engine Engine Reinforced Ion Engine Propulsion Light Treads Treads Light Treads Leg Aluminum Leg Utility Scrap Shield Device Structural Scanner Storage Small Storage Unit Protection Scrap Shield Weapon Heavy EM Pulse Gun Energy Gun Heavy EM Pulse Gun Energy Cannon Subdweller Beam Cannon Ballistic Gun Subdweller Machine Gun Launcher Subdweller Shrapnel Launcher Impact Weapon Mace Build | -11 -10 -10 -8 ------- Run | Jun Mat Sub Rec Slots Evolved . | . . . . Power . | . . . . Propulsion . | . . . . Utility . | . . . . Weapon . | . . . . Parts Attached 26 | . 10 12 4 Power 2 | . 2 . . Engine 2 | . 2 . . Core . | . . . . Reactor . | . . . . Propulsion 5 | . 2 1 2 Treads 5 | . 2 1 2 Leg . | . . . . Wheel . | . . . . Hover . | . . . . Flight . | . . . . Utility 3 | . 1 1 1 Device 2 | . 1 . 1 Storage . | . . . . Processor . | . . . . Hackware . | . . . . Protection 1 | . . 1 . Artifact . | . . . . Weapon 16 | . 5 10 1 Energy Gun 10 | . 5 5 . Energy Cannon 1 | . . 1 . Ballistic Gun 2 | . . 1 1 Ballistic Cannon . | . . . . Launcher 1 | . . 1 . Special Weapon . | . . . . Impact Weapon 2 | . . 2 . Slashing Weapon . | . . . . Piercing Weapon . | . . . . Special Melee Weapon . | . . . . Unidentified Prototypes . | . . . . Parts Lost 7 | . 4 3 . Power 1 | . 1 . . Propulsion 1 | . 1 . . Utility . | . . . . Weapon 5 | . 2 3 . Highest Loss Streak 2 | . 2 2 . To Critical Strikes . | . . . . Average Slot Usage (%) 86 | . 84 86 85 Engine 14 | . 14 14 14 Treads 26 | . 20 28 28 Leg 1 | . 7 . . Device 2 | . 1 1 14 Storage 4 | . 14 1 . Protection 8 | . . 12 . Energy Gun 16 | . 26 15 . Energy Cannon 4 | . . 4 14 Ballistic Gun 5 | . . 6 14 Impact Weapon 1 | . . 1 . Naked Turns . | . . . . Heaviest Build 40 | 12 22 40 40 Greatest Support 40 | 20 40 40 40 Greatest Overweight (x) . | . . . . Average Overweight (x) . | . . . . Largest Inventory Capacity 8 | 8 8 8 5 Average Capacity 5 | 8 8 5 5 Most Carried 8 | 6 8 8 5 Average Carried 5 | 6 7 5 4 Final Capacity 8 | 8 8 5 5 Final Carried 8 | 6 8 5 5 Class Distribution -------------------- 80% | Mutant 19% | Subdweller-Mutant Dominant Class ---------------- Mutant | -10/Materials Mutant | -10/Subcaves Mutant | -8/Recycling Resources | -11 -10 -10 -8 ----------- Run | Jun Mat Sub Rec Matter Collected 468 | 200 85 161 22 Remotely . | . . . . Salvage Created 1033 | . 614 323 96 Parts 81 | . 43 31 7 Haulers Intercepted . | . . . . Recyclers Shooed 1 | . 1 . . Parts Field Recycled . | . . . . Retrieved Matter . | . . . . Parts Self-Destructed 6 | . . 6 . Prevented . | . . . . Kills | -11 -10 -10 -8 ------- Run | Jun Mat Sub Rec Combat Hostiles Destroyed 27 | . 15 10 2 Guns 17 | . 12 5 . Cannons 1 | . . . 1 AOE 6 | . 2 4 . Classes Destroyed 7 | . 5 1 1 Recycler 1 | . 1 . . Operator 1 | . 1 . . Watcher 1 | . 1 . . Swarmer 10 | . 6 4 . Grunt 9 | . 9 . . Sentry 2 | . . . 2 Subdweller 6 | . . 6 . Best Kill Streak 4 | . 4 4 1 Combat Bots Only 4 | . 4 4 1 Max Kills in Single Turn 3 | . 2 3 1 Gunslinging . | . . . . Exploded 3 | . 2 3 . Melee . | . . . . Uniques/NPCs Destroyed . | . . . . Combat | -11 -10 -10 -8 -------- Run | Jun Mat Sub Rec Damage Taken 1575 | . 595 797 183 Core 252 | . 135 62 55 Absorbed by Shields . | . . . . Core Remaining (%) 100 | 100 . . . Volleys Fired 75 | . 37 29 9 Largest 2 | . 2 2 2 Hottest 110 | . 90 90 110 Shots Fired 134 | . 69 49 16 Gun 117 | . 69 41 7 Cannon 15 | . . 6 9 Launcher 2 | . . 2 . Special . | . . . . Kinetic 12 | . . 5 7 Thermal 44 | . 29 6 9 Explosive . | . . . . Electromagnetic 78 | . 40 38 . Robot Hit Streak 24 | . 13 19 24 Robot Miss Streak 7 | . 4 2 7 Penetration Max . | . . . . Secondary Targets 1 | . 1 . . Max Gunslinging Chain 1 | . 1 . . Shots Hit Robots 90 | . 46 37 7 Core Hits 38 | . 23 14 1 Critical Kills 1 | . . . 1 Critical Parts Destroyed . | . . . . Critical Strikes 2 | . . 1 1 Meltdown 1 | . . . 1 Corrupt 1 | . . 1 . Melee Attacks 3 | . . 3 . Impact 3 | . . 3 . Slashing . | . . . . Piercing . | . . . . Sneak Attacks . | . . . . Combat Hostiles . | . . . . Follow-up Attacks . | . . . . Damage Inflicted 1528 | . 662 688 178 Guns 1121 | . 589 465 67 Cannons 111 | . . . 111 Explosions 296 | . 73 223 . Melee . | . . . . Ramming . | . . . . Kinetic 330 | . . 263 67 Thermal 394 | . 283 . 111 Explosive . | . . . . Electromagnetic 804 | . 379 425 . Impact . | . . . . Slashing . | . . . . Piercing . | . . . . Highest Corruption . | . . . . Average Corruption . | . . . . Corruption Purged . | . . . . Corruption Blocked . | . . . . Overload Shots . | . . . . Overflow Damage . | . . . . Projectiles . | . . . . Explosions . | . . . . Melee . | . . . . Knockbacks . | . . . . Impact . | . . . . Kinetic . | . . . . Secondary . | . . . . Self-Inflicted Damage 95 | . 37 58 . Shots 2 | . 1 1 . Rammed . | . . . . Targets Rammed . | . . . . Kicked . | . . . . Crushed . | . . . . Highest Temperature 351 | . 351 24 339 Average Temperature 121 | . 121 9 149 Received Heat Transfer 477 | . 168 246 63 Effects 7 | . 6 . 1 Shutdowns 1 | . 1 . . Energy Bleed 3 | . 2 . 1 Interference 2 | . 2 . . Short Circuit 1 | . 1 . . Siege Activations . | . . . . Robots Corrupted 2 | . 1 1 . Combat Hostiles 2 | . 1 1 . Parts Fried 6 | . 2 4 . Impact Corruptions . | . . . . Robots Melted 1 | . . . 1 Combat Hostiles 1 | . . . 1 Parts Melted 2 | . . . 2 Heat Transferred 673 | . 525 . 148 Parts Sabotaged . | . . . . Parts Stolen . | . . . . Parts Stripped . | . . . . Power Chain Reactions 1 | . 1 . . Missiles Intercepted . | . . . . Alert | -11 -10 -10 -8 ------- Run | Jun Mat Sub Rec Peak Influence 482 | . 290 . 482 Initial 436 | . . . 436 Average 236 | . 161 . 447 Maximum Alert Level 2 | . 1 . 2 Low Security (%) 48 | 100 66 . . Level 1 24 | . 33 . . Level 2 27 | . . . 100 Level 3 . | . . . . Level 4 . | . . . . Level 5 . | . . . . High Security . | . . . . Max Security . | . . . . Squads Dispatched 2 | . 2 . . Investigation 1 | . 1 . . Extermination . | . . . . Reinforcement 1 | . 1 . . Assault . | . . . . Garrison . | . . . . Intercept . | . . . . Searches Triggered . | . . . . Construction Impeded . | . . . . Haulers Reinforced . | . . . . Active Scanning Responses . | . . . . Cargo Convoy Interrupts . | . . . . Stealth | -11 -10 -10 -8 --------- Run | Jun Mat Sub Rec Distress Signals 2 | . 2 . . Communications Jammed . | . . . . Distress Signals . | . . . . Times Spotted 90 | . 27 60 3 Peak Tracking Total 6 | . 6 5 2 Tactical Retreats 5 | . 2 3 . Traps | -11 -10 -10 -8 ------- Run | Jun Mat Sub Rec Traps Triggered 2 | . 1 1 . Indirectly . | . . . . Trap Hack Attempts . | . . . . Triggered . | . . . . Disarmed 4 | . 4 . . Reprogrammed . | . . . . Reused . | . . . . Traps Extracted . | . . . . Installed . | . . . . Triggered . | . . . . Machines | -11 -10 -10 -8 ---------- Run | Jun Mat Sub Rec Machines Disabled 1 | . . 1 . Max in Single Turn 1 | . . 1 . Machines Repaired . | . . . . Machines Sabotaged . | . . . . Overloaded Fab Kills . | . . . . Hacking | -11 -10 -10 -8 --------- Run | Jun Mat Sub Rec Machines Accessed 5 | . 3 1 1 Terminals 4 | . 3 . 1 Fabricators . | . . . . Repair Stations . | . . . . Recycling Units . | . . . . Scanalyzers . | . . . . Garrison Access . | . . . . Total Hacks 7 | . 5 1 1 Successful 3 | . 2 1 . Failed 4 | . 3 . 1 Catastrophic . | . . . . Database Lockouts . | . . . . Manual 5 | . 4 . 1 Terminals 6 | . 5 . 1 Fabricators . | . . . . Repair Stations . | . . . . Recycling Units . | . . . . Scanalyzers . | . . . . Garrison Access . | . . . . Terminal Hacks 3 | . 2 1 . Disarm Traps 1 | . 1 . . Zone Layout 1 | . 1 . . Derelict Proto ID Bank 1 | . . 1 . Fabricator Hacks . | . . . . Repair Station Hacks . | . . . . Recycling Unit Hacks . | . . . . Scanalyzer . | . . . . Garrison Access Hacks . | . . . . Unauthorized Hacks . | . . . . Terminals . | . . . . Fabricators . | . . . . Repair Stations . | . . . . Recycling Units . | . . . . Scanalyzers . | . . . . Garrison Access . | . . . . Data Cores Recovered 1 | . 1 . . Used 1 | . 1 . . Hacking Detections 3 | . 2 . 1 Full Trace Events . | . . . . Feedback Events . | . . . . Feedback Blocked . | . . . . Robot Schematics Acquired . | . . . . Robots Built . | . . . . Authchips . | . . . . Time . | . . . . Total Robot Build Rating . | . . . . Part Schematics Acquired . | . . . . Parts Built . | . . . . Authchips . | . . . . Time . | . . . . Total Part Build Rating . | . . . . Parts Repaired . | . . . . Time . | . . . . Parts Recycled . | . . . . Recycled Matter . | . . . . Retrieved Matter . | . . . . Retrieved Components . | . . . . Parts Scanalyzed . | . . . . Part Schematics Acquired . | . . . . Parts Damaged . | . . . . Bothacking | -11 -10 -10 -8 ------------ Run | Jun Mat Sub Rec Used RIF Installer . | . . . . Robots Hacked . | . . . . Non-combat . | . . . . Combat . | . . . . Robot Hacks Applied . | . . . . Relay Couplers Released . | . . . . Fabnet Peak Effective % . | . . . . Robots Rewired . | . . . . Allies Hacked . | . . . . Hacks Repelled . | . . . . Allies | -11 -10 -10 -8 -------- Run | Jun Mat Sub Rec Total Allies . | . . . . Largest Group . | . . . . Highest-Rated Group . | . . . . Highest-Rated Ally . | . . . . Total Orders . | . . . . Ally Attacks . | . . . . Total Damage . | . . . . Kills . | . . . . Allies Corrupted . | . . . . Allies Melted . | . . . . Intel | -11 -10 -10 -8 ------- Run | Jun Mat Sub Rec Robot Analysis Total . | . . . . Derelict Logs Recovered . | . . . . Drone Launches . | . . . . Drone Recoveries . | . . . . Exploration | -11 -10 -10 -8 ------------- Run | Jun Mat Sub Rec Turns Passed 2726 | 12 680 1778 256 Spaces Moved 1497 | 11 344 1007 135 Core . | . . . . Treads 1412 | . 270 1007 135 Legs 85 | 11 74 . . Wheels . | . . . . Hover . | . . . . Flight . | . . . . Fastest Speed 120 | 120 120 160 160 Average Speed 157 | 120 151 160 160 Slowest Speed 160 | 120 160 160 160 Overloaded Moves . | . . . . Propulsion Burnouts . | . . . . Robots Hopped . | . . . . Cave-ins Triggered . | . . . . Exploration Rate (%) 41 | 2 77 50 37 Regions Visited 3 Branch Regions 2 Pre-discovered Areas 1 | . . 1 . Known Exits Taken . | . . . . Unknown Exits Taken 3 | 1 1 1 . Scrap Searched 11 | . . 11 . Spaces Dug . | . . . . Terrain Destroyed 29 | . 2 21 6 Melee . | . . . . Projectile 6 | . . . 6 AOE 23 | . 2 21 . Terrain Rammed . | . . . . Walls Destroyed . | . . . . Machines Disabled . | . . . . Actions | -11 -10 -10 -8 --------- Run | Jun Mat Sub Rec Total 1724 | 10 434 1121 159 Wait 82 | . 31 46 5 Move 1494 | 10 343 1006 135 Hop . | . . . . Pick Up 15 | . 8 6 1 Fast Attach 8 | . 4 2 2 Attach 7 | . 4 3 . Detach . | . . . . Swap 11 | . 2 7 2 Drop 22 | . 5 12 5 Fire 75 | . 37 29 9 Melee 3 | . . 3 . Ram . | . . . . Kick . | . . . . Crush . | . . . . Escape Stasis . | . . . . Rewire . | . . . . Trap . | . . . . Miscellaneous 7 | . . 7 . Route ------- -11/Junkyard -10/Materials (discovered 5 exits: [*Mat x2] / [*Min x2] / *Sub) -10/Subcaves (discovered 2 exits: [*Mat] / *Rec) -8/Recycling History --------- Turn | Location | Event 1 | -11/Junkyard | Discovered new exit (range 3) 13 | -11/Junkyard | Entered Materials 263 | -10/Materials | Core integrity fell below 50% 300 | -10/Materials | Build established: Mutant 315 | -10/Materials | Discovered new exit (range 12) 419 | -10/Materials | Discovered new exit (range 16) 530 | -10/Materials | Discovered new exit (range 10) 666 | -10/Materials | Discovered new exit (range 10) 671 | -10/Materials | Discovered new exit (range 13) 693 | -10/Materials | Entered Subcaves 707 | -10/Subcaves | Shifting Twisted Machinery released Battle Rifle 743 | -10/Subcaves | Shifting Twisted Machinery released Sub. Machine Gun 877 | -10/Subcaves | Shifting Twisted Machinery released Scrap Shield 896 | -10/Subcaves | Shifting Twisted Machinery released Mak. System Restoration Module 1111 | -10/Subcaves | Disturbed a concealed Subdweller 1667 | -10/Subcaves | Discovered new exit (range 14) 2013 | -10/Subcaves | Shifting Twisted Machinery released Mak. Armor Plating 2165 | -10/Subcaves | Visited 4L-MR0's lab 2182 | -10/Subcaves | Found Flightbrick 2241 | -10/Subcaves | Build established: Subdweller-Mutant 2356 | -10/Subcaves | Discovered new exit (range 5) 2363 | -10/Subcaves | Learned location of Zion (-7) 2363 | -10/Subcaves | Met a Zionite searching for "candidates" 2471 | -10/Subcaves | Entered Recycling 2475 | -8/Recycling | Found Scrap Engine 2708 | -8/Recycling | Core integrity fell below 20% 2727 | -8/Recycling | Destroyed by Y-45 Defender with Heavy Assault Rifle Last Messages --------------- 02605_ Y-45 Defender springs to life. 02620_ Y-45 Defender destroyed. 02621_ R-06 Scavenger collects Heat Sink. 02621_ R-06 Scavenger collects Lgt. Treads. 02623_ R-06 Scavenger collects Beam Rifle. 02623_ Acquired 16 matter. 02624_ R-06 Scavenger collects Lgt. Treads. 02626_ Acquired 2 matter. 02641_ Overheating: Energy bleed (-26). 02645_ Dropped Lgt. Treads. 02649_ R-06 Scavenger collects Lgt. Treads. 02652_ U-05 Engineer builds a Wall. 02652_ R-06 Scavenger collects Lgt. Treads. 02704_ Y-45 Defender springs to life. 02707_ Sub. Machine Gun shoots sparks and powers down. 02710_ Y-45 Defender suffers critical hit (Meltdown). 02710_ Heat Sink melted. 02719_ U-05 Engineer builds a Wall. 02725_ Dropped Broken Sub. Machine Gun. 02726_ Acquired Hvy. Assault Rifle. Map ----- +----------------------------------------------------+ | ??????????????????????????????????# # ?????????# | | ??????????????????????????????##??# # ????????? | | ??????????????????????????#### #### ##+#???????# | | ?????????????????????????? # #?????### | | ?????????????????????????+ # ######### | | ?????????????????????????# # | | ?????????????????????????# # | | ?????????????????????????# # | | ?????????????????????????# # | | ???????????????####??????# + | | ???????????????#! ????# ???# | | ???????????????+ ??# ?????# | | ???????????????#! ! #+######## #####= =# ## | | ???????????????# ! ! !+ #???# ==#### | | ???????????????+ ! !# #########+##???#####??# | | ???????????????# ! !??# #?????? ??????????# | | ???????????????# ! ????# #???? ????????# | | ???????????????# !??????# #??# ????### | | ???????????????##????????# #??# #???#/! | | ?????????????????????????# #??# #???# ! | | ???????????????????####### #### """ #???#!! | | ???????????????????# ""## """"" #???### | | ???????????????????# Y"## """"" #?????# | | ???????????????????# ""## """"" #?????# | | ????????????????####Y u #### ???? +????? | | ????????? u=@[#??# ?????? #?????# | | ???????????# ##%###?????????? #?????? | | ???????????# "###?????????????#####?????? | | ???????????##T##########?????????????????????????? | | ?????????????????????????????????????????????????? | | ?????????????????????????????????????????????????? | | | | | | | | | | | | | | | | | | | | | | | | | | | | | | | | | | | | | | | +----------------------------------------------------+ Best States ------------- Heat Dissipation 25 Energy Generation 12 Energy Capacity 265 Matter Stores 300 Matter Capacity 300 Sight Range 16 Terrain Scan Density 10 Armor Coverage 800 Evasion (%) 55 Recoil Reduction 2 Item Schematics ----------------- None Robot Schematics ------------------ None Fabricated ------------ Nothing Alien Tech Used ----------------- None Achievements -------------- None Challenges ------------ None Game ------ Seed ImprinterBombardmentMount Manual? 0 Play Time 00:20:40 Cumulative 210.8 hours Start 2023.07.17 @ 22:07:47 End 2023.07.17 @ 22:26:21 Sessions 1 Manual Loads 0 Difficulty Rogue Special Mode None Game No. 77 Rogue 77 Adventurer 0 Explorer 0 Win Type - Total 5 Types 4/0/0/1/0/0/0/0/0 Lore% 58 Gallery% 71 Achievement% 55 Wizard Run 0 Options --------- ASCII 0 Keyboard 1 Movement Vi Keybinds 0 Fullscreen 1 Font 18/SmallcapsGlow Map View 76x50 Tactical HUD 1 Map Filters NONE Filters NONE Steam 1 RUN: a8c7554e-2916-49b7-b9ee-fcdeee364c73